 Dungeon Crawl Stone Soup version 0.17.1-1-g73c8601 (console) character file.

106 Kloppie the Skirmisher (level 5, -3/43 HPs)
             Began as a Formicid Berserker on Dec 21, 2015.
             Was a Believer of Trog.
             Slain by a gnoll
             ... wielding a +0 halberd
              (6 damage)
             ... on level 3 of the Dungeon.
             The game lasted 00:03:23 (2381 turns).

Kloppie the Skirmisher (Formicid Berserker)         Turns: 2381, Time: 00:03:23

Health: -3/43      AC:  5    Str: 21    XL:     5   Next: 10%
Magic:  5/5        EV: 11    Int:  7    God:    Trog [**....]
Gold:   210        SH:  0    Dex: 11    Spells: 0 memorised, 4 levels left

rFire  . . .     SeeInvis +     a - +0 falchion
rCold  + . .     Clarity  .     p - +0 ring mail
rNeg   . . .     SustAt   .     (no shield)
rPois  .         Gourm    .     (helmet unavailable)
rElec  .         Spirit   .     (no cloak)
rCorr  .         Warding  .     (no gloves)
rMut   .         Stasis   +     (no boots)
MR     .....                    l - amulet of faith
Stlth  +.........               o - ring of protection from cold
                                k - ring of invisibility

@: not resistant to hostile enchantments, very unstealthy
A: permanent stasis, dig shafts and tunnels, four strong arms, antennae 3
a: Dig, Shaft Self, Trog's Hand, Burn Spellbooks, Renounce Religion, Evoke
Invisibility


You were on level 3 of the Dungeon.
You worshipped Trog.
Trog was pleased with you.
You were not hungry.

You visited 1 branch of the dungeon, and saw 3 of its levels.

You collected 210 gold pieces.

Inventory:

Hand Weapons
 a - a +0 falchion (weapon)
Armour
 p - a +0 ring mail (worn)
Jewellery
 k - a ring of invisibility (left hand)
 l - an amulet of faith (around neck)
 o - a ring of protection from cold (right hand)
Wands
 b - a wand of teleportation (1)
Scrolls
 e - 2 scrolls of remove curse
 i - 3 scrolls of identify {unknown}
 j - a scroll of recharging {unknown}
Potions
 d - a potion of brilliance {unknown}
 h - a potion of might {unknown}
 m - a potion of degeneration {unknown}
 n - a potion of haste {unknown}
Comestibles
 c - 3 bread rations


   Skills:
 + Level 4.9 Fighting
 + Level 4.2 Long Blades
 - Level 2.1 Armour
 - Level 1.7 Dodging


You had 4 spell levels left.
You didn't know any spells.

Dungeon Overview and Level Annotations

Branches:
Dungeon (3/15)

Altars:


Innate Abilities, Weirdness & Mutations

You are under a permanent stasis effect.
You can dig through walls and to a lower floor.
Your four strong arms can wield two-handed weapons with a shield.
You have a pair of large antennae on your head (SInv).


Message History

You hit the gnoll but do no damage.
The gnoll is heavily wounded.
Your skin stops crawling.
You feel less resistant to hostile enchantments.
The gnoll hits you with a halberd.
* * * LOW HITPOINT WARNING * * *
Drink which item? (? for menu, Esc to quit)
You feel better. The gnoll hits you with a halberd!
* * * LOW HITPOINT WARNING * * *
You hit the gnoll but do no damage.
The gnoll is heavily wounded.
Your ring mail prevents you from hitting the gnoll.
The gnoll is heavily wounded.
The gnoll hits you with a halberd.
* * * LOW HITPOINT WARNING * * *
A rat comes into view.
You hit the gnoll.
The gnoll is severely wounded.
The gnoll hits you with a halberd.
You die...

..#..#..........#.#........
..........................
#.#..#...###.#..#.#.#####.#
##.#..#...###.#..#.#.#####.#
###...........................
.......#..........#....####.#
.................#.#..# #.#
####.##.#...###.#..#.#..####.#
.......r....g@...............#
............#####..#.#.#######
###.##.###.# ##.#.#.#######
###.##.###.######............
............................).
.###.##......#####.#..........
# ####....................
#####...#####.#..........
..........................


You could see a gnoll and a rat.

Vanquished Creatures
  5 adders
  2 worms (D:2)
  3 giant geckos
  An orc (D:3)
  2 ball pythons
  7 bats
  2 giant cockroaches
  2 goblins (D:1)
  8 hobgoblins
  7 giant newts
  6 jackals (D:2)
  3 kobolds
  10 rats
58 creatures vanquished.

Notes
Turn   | Place    | Note
--------------------------------------------------------------
     0 | D:1      | Kloppie the Formicid Berserker began the quest for the Orb.
     0 | D:1      | Reached XP level 1. HP: 18/18 MP: 1/1
   226 | D:1      | Reached XP level 2. HP: 18/24 MP: 2/2
   839 | D:1      | Reached skill level 4 in Fighting
   931 | D:2      | Reached XP level 3. HP: 27/30 MP: 3/3
   984 | D:2      | Reached ** piety under Trog
  1585 | D:2      | Reached XP level 4. HP: 36/38 MP: 4/4
  2285 | D:3      | Reached XP level 5. HP: 38/43 MP: 5/5
  2366 | D:3      | HP: 2/43 [gnoll/halberd (8)]
  2381 | D:3      | Slain by a gnoll

Action                   |  1- 3 |  4- 6 || total
-------------------------+-------+-------++-------
Melee: Falchion          |   110 |   128 ||   238
Invok: Trog's Hand       |       |     2 ||     2
  Use: Scroll            |       |     1 ||     1
       Potion            |       |     3 ||     3
  Eat: Chunk             |     2 |     3 ||     5
